AoeStats
← .ebz

Arena

504952690Analyzed
4v4 RM · 26d ago on Sep 7, 2026· 29m 36s· 8 players
Game mode
Random Map
Map size
Large (8 player)
Population
200
Speed
Normal
Resources
Standard
Victory
Conquest
Starting age
Dark Age
Ending age
Imperial Age
RankedLock teamsTeams togetherTeam positionsShared explorationLock speedFull tech treeHidden civsTurbo modeCheats
Victory
Defeat
1392
+8
🇨🇳 Lithuanians · China
1101
+18
🇦🇷 Franks · Argentina
1095
+19
🇨🇳 Persians · China
1076
+19
🇵🇱 Bulgarians · Poland
1180
-17
🇺🇸 Spanish · United States
1171
-16
🇺🇸 Berbers · United States
1160
-16
🇲🇽 Britons · Mexico
1146
-15
SeañeZ
11:15 Feudal Age
15:15 Castle Age
13:41 Double-Bit Axe
13:46 Horse Collar
16:34 Bow Saw
17:30 Gold Mining
17:35 Stone Mining
21:24 Loom
RexConquistadorLex
10:39 Feudal Age
11:20 Double-Bit Axe
13:01 Horse Collar
13:33 Loom
17:01 Castle Age
17:36 Town Watch
.ebz
10:59 Feudal Age
11:58 Loom
14:57 Castle Age
13:15 Double-Bit Axe
13:14 Horse Collar
OfFspRlNg
11:13 Feudal Age
12:03 Horse Collar
15:12 Castle Age
13:06 Double-Bit Axe
18:56 Stone Mining
21:19 Heavy Plow
23:18 Wheelbarrow
24:45 Bow Saw
25:17 Husbandry
28:38 Imperial Age
27:16 Thumb Ring
27:22 Bloodlines
29:29 Ballistics
29:20 Fletching
29:52 Bodkin Arrow
CYJ8564
3:01 Loom
11:36 Feudal Age
15:40 Castle Age
13:59 Double-Bit Axe
20:26 Stone Mining
20:28 Gold Mining
23:51 Wheelbarrow
28:13 Hand Cart
31:08 Imperial Age
28:52 Forging
28:48 Scale Barding Armor
29:48 Coinage
83716497273
11:32 Feudal Age
14:52 Castle Age
12:56 Double-Bit Axe
13:23 Horse Collar
22:29 Wheelbarrow
22:22 Gold Mining
23:35 Bow Saw
23:30 Loom
23:45 Stone Mining
24:56 Gold Shaft Mining
25:21 Stone Shaft Mining
26:51 Town Watch
27:21 Hand Cart
30:09 Imperial Age
27:44 Town Patrol
28:10 Scale Barding Armor
28:15 Forging
29:22 Heavy Plow
29:45 Chain Barding Armor
29:35 Forging
哭稀饭(2125613428)
11:11 Feudal Age
12:20 Double-Bit Axe
15:00 Castle Age
12:47 Horse Collar
18:36 Bow Saw
22:34 Heavy Plow
26:08 Wheelbarrow
25:42 Gold Mining
28:05 Gold Shaft Mining
30:30 Imperial Age
28:37 Fletching
29:14 Hand Cart
29:45 Bodkin Arrow
方霍霍
2:12 Loom
11:11 Feudal Age
15:59 Castle Age
Connection lost

Rejoining the realm…

Still unreachable

The connection could not be restored.

Session expired

The server has moved on; the page needs a fresh start.